 Dungeon Crawl Stone Soup version 0.28-a0-932-g843f935a50 (webtiles) character file.

Game seed: 5337184777005654027

419 Zonian the Sneak (level 6, 0/32 HPs)
             Began as a Vine Stalker Brigand on Nov 27, 2021.
             Shot with an arrow by a centaur (10 damage)
             ... on level 5 of the Dungeon.
             The game lasted 00:09:26 (5382 turns).

Zonian the Sneak (Vine Stalker Brigand)             Turns: 5382, Time: 00:09:27

Health: 0/32       AC:  3    Str: 14    XL:     6   Next: 93%
Magic:  0/19       EV: 12    Int: 11    God:
Gold:   143        SH:  0    Dex: 17    Spells: 9/9 levels left

rFire   . . .      SeeInvis .   a - +2 dagger
rCold   . . .      Faith    .   (no shield)
rNeg    . . .      Spirit   +   b - +0 robe
rPois   +          Reflect  .   (no helmet)
rElec   .          Harm     .   c - +0 cloak
rCorr   .          Rampage  .   (no gloves)
Will    .....                   (no boots)
Stlth   ++++......              (no amulet)
HPRegen 0.90/turn               m - ring of poison resistance
MPRegen 0.16/turn               A - ring of magical power

@: no status effects
A: fangs 2, regeneration 1, magic shield, antimagic bite, no potion heal 2
a: no special abilities


You were on level 5 of the Dungeon.
You visited 1 branch of the dungeon, and saw 5 of its levels.

You collected 143 gold pieces.

Inventory:

Hand Weapons
 a - a +2 dagger (weapon)
 g - a +0 hunting sling
 j - a +0 short sword
 B - a +2 long sword of electrocution
Missiles
 d - 7 poisoned darts (quivered)
 e - 2 curare-tipped darts
 h - 93 stones
 k - 46 sling bullets
Armour
 b - a +0 robe (worn)
 c - a +0 cloak (worn)
 x - a +1 ring mail of poison resistance
Magical Staves
 f - a staff of air
Jewellery
 m - a ring of poison resistance (left hand)
 p - a ring of willpower
 A - a ring of magical power (right hand)
Wands
 y - a wand of acid (1)
Scrolls
 l - 4 scrolls of teleportation
 s - a scroll of blinking {unknown}
 t - a scroll of silence {unknown}
 w - a scroll of noise {unknown}
Potions
 n - a potion of lignification
 o - a potion of heal wounds
 q - a potion of flight
 r - a potion of curing
 u - 2 potions of haste {unknown}
 v - a potion of mutation {unknown}
 z - 2 potions of might {unknown}


   Skills:
 + Level 2.8 Fighting
 + Level 3.6 Short Blades
 + Level 2.0 Throwing
 + Level 2.0 Dodging
 + Level 6.8 Stealth
 * Level 2.3 Spellcasting


You had 9 spell levels left.
You didn't know any spells.
Your spell library contained the following spells:

 Spells                   Type           Power      Damage    Failure   Level
 Passwall                 Tmut/Erth      0%         N/A       41%         2
 Animate Armour           Summ/Erth      2%         N/A       96%         4
 Leda's Liquefaction      Hex/Erth       0%         N/A       96%         4
 Lehudib's Crystal Spear  Conj/Erth      0%         10d2      100%        8


Dungeon Overview and Level Annotations

Branches:
Dungeon (5/15)
 Temple: D:4-7

Altars:
Elyvilon
Fedhas
Trog
Xom
Zin

Shops:
D:4 :


Innate Abilities, Weirdness & Mutations

You have extremely sharp teeth.
Your natural rate of healing is unusually fast.
When hurt, damage is shared between your health and your magic reserves.
Your bite disrupts and absorbs the magic of your enemies.
Potions cannot restore your health.


Message History

The helpless iguana fails to defend itself.
You skewer the iguana like a kebab!!!
You kill the iguana!
No target in view!
Unknown command.
z - 2 sapphire potions (gained 1) Unknown command.
As you read the scroll labelled NUUSOR FICLE, it crumbles to dust.
It is a scroll of enchant armour.
Your +0 ring mail of poison resistance glows green for a moment.
A centaur comes into view.
The centaur shouts!
The centaur wields a +0 shortbow.
The centaur shoots an arrow.
The arrow hits you.
The centaur shoots an arrow.
The arrow hits you!
The centaur shoots an arrow.
The arrow hits you.
You see here an iguana corpse.
The centaur shoots an arrow.
The arrow hits you.
The centaur shoots an arrow.
The arrow hits you!
The centaur shoots an arrow.
The arrow hits you!
* * * LOW HITPOINT WARNING * * *
You barely miss the centaur. Your bite misses the centaur.
The centaur unwields a +0 shortbow.
The centaur closely misses you. x2
You hit the centaur but do no damage. You bite the centaur, but do no damage.
The centaur hits you but does no damage.
The centaur barely misses you.
You closely miss the centaur. Your bite misses the centaur.
The centaur closely misses you.
The centaur kicks you but does no damage.
The centaur hits you.
* * * LOW HITPOINT WARNING * * *
The centaur kicks you.
* * * LOW HITPOINT WARNING * * *
You completely miss the centaur. Your bite misses the centaur.
The centaur closely misses you. The centaur kicks you.
* * * LOW HITPOINT WARNING * * *
Unknown command.
The centaur wields a +0 shortbow.
The centaur shoots an arrow.
The arrow hits you!
You die...

#
##############..#
#.<.....†@.c....#
#.############..#
#. ... #. . #. #.
#. #.


You could see a centaur.

Vanquished Creatures
  A scorpion (D:4)
  2 orc priests (D:4)
  A bullfrog skeleton (D:4)
  Jessica (D:2)
  An iguana (D:5)
  An orc wizard (D:4)
  A hound skeleton (D:4)
  3 gnolls (D:4)
  3 adders
  A river rat (D:4)
  2 ufetubi
  An adder skeleton (D:4)
  2 worms (D:4)
  2 dart slugs
  4 orcs (D:4)
  10 ball pythons
  4 bats
  9 endoplasms
  A giant cockroach (D:4)
  4 goblins
  6 hobgoblins
  11 jackals
  4 kobolds
  6 quokkas
  10 frilled lizards
  4 rats
95 creatures vanquished.

Vanquished Creatures (others)
  8 plants (D:1)
8 creatures vanquished.

Grand Total: 103 creatures vanquished

Notes
Turn   | Place    | Note
-------+----------+-------------------------------------------
     0 | D:1      | Zonian the Vine Stalker Brigand began the quest for the
                  | Orb.
     0 | D:1      | Reached XP level 1. HP: 11/11 MP: 2/2
    24 | D:1      | Reached skill level 5 in Stealth
   741 | D:1      | Reached XP level 2. HP: 15/15 MP: 3/3
   983 | D:1      | Found a faded altar of an unknown god.
   983 | D:2      | Noticed Jessica
  1255 | D:1      | Reached skill level 6 in Stealth
  1255 | D:1      | Reached XP level 3. HP: 8/18 MP: 4/4
  2930 | D:2      | Reached skill level 1 in Dodging
  3094 | D:2      | Killed Jessica
  3095 | D:2      | Gained mutation: Your natural rate of healing is unusually
                  | fast. [Vine Stalker growth]
  3095 | D:2      | Reached XP level 4. HP: 16/23 MP: 3/6
  3121 | D:2      | Got the Incunabulum of the Rocks
  3374 | D:2      | Reached skill level 1 in Spellcasting
  3602 | D:3      | Reached XP level 5. HP: 18/26 MP: 4/7
  3655 | D:3      | Found a white marble altar of Elyvilon.
  3731 | D:3      | Found a bloodstained altar of Trog.
  3950 | D:4      | Found a shimmering altar of Xom.
  3950 | D:4      | Found a glowing silver altar of Zin.
  3950 | D:4      | Noticed an angel
  3987 | D:4      | Found Baicuen's Book Emporium.
  4474 | D:4      | Reached XP level 6. HP: 32/32 MP: 9/9
  5257 | D:4      | Found a blossoming altar of Fedhas.
  5356 | D:5      | Entered Level 5 of the Dungeon
  5382 | D:5      | Shot with an arrow by a centaur

Illustrated notes

Levels and vault maps discovered:
D:1:      amcnicky_arrival_choice, layout_rooms,
          hellmonk_ecumenical_altar_run_dry, minmay_lizard_king
D:2:      layout_rooms, uniq_jessica
D:3:      layout_basic, mainiacjoe_overflow_24_doors, elyvilon_altar_1
D:4:      layout_loops_ring, fedhas_altar_4,
          grunt_temple_overflow_order_and_chaos_1, serial_shops,
          nicolae_shop_advertising_works [nicolae_subvault_shop_adworks],
          gup_sewer_entry_spiral
D:5:      layout_loops_ring, nicolae_overflow_crystal_walls,
          minmay_temple_entry_poolview, uniq_menkaure

Skill      XL: |  1  2  3  4  5  6 |
---------------+-------------------+-----
Stealth        | 5 6 |  6.8
Short Blades   | 2 3 |  3.6
Fighting       | 2 |  2.8
Dodging        | 1 2 |  2.0
Throwing       | 2 |  2.0
Spellcasting   | 1 2 |  2.3

Action                   |  1- 3 |  4- 6 || total
-------------------------+-------+-------++-------
Melee: Dagger            |   131 |   197 ||   328
       Bite              |    38 |    63 ||   101
Throw: Dart              |     7 |       ||     7
  Use: Scroll            |       |     7 ||     7
 Stab: Sleeping          |     1 |    13 ||    14
       Distracted        |       |     1 ||     1
Armor: Robe              |    49 |    23 ||    72
Dodge: Dodged            |    89 |    88 ||   177

Table legend: (Time is in decaauts)
 A = Elapsed time spent in this place.
 B = Non-inter-level travel time spent in this place.
 C = Inter-level travel time spent in this place.
 D = Time resting spent in this place.
 E = Time spent auto-exploring this place.
 F = Levels seen in this place.
 G = Mean time per level.
                   A        B        C        D        E       F      G
               +--------+--------+--------+--------+--------+-----+--------+
         Total |   5384 |   5237 |    147 |   2502 |   1554 |   5 | 1076.8 |
       Dungeon |   5384 |   5237 |    147 |   2502 |   1554 |   5 | 1076.8 |
               +--------+--------+--------+--------+--------+-----+--------+

Top non-repeatable levels by time:
     D:1: 2573 daAuts
     D:4: 1428 daAuts
     D:2: 861 daAuts
     D:3: 496 daAuts
     D:5: 25 daAuts
